 Dungeon Crawl Stone Soup version 0.31.0-32-g396128a36d (webtiles) character file.

Game seed: 2647822887810112014

10357 Zoodle the Mimic (level 11, -6/142 HPs)
             Began as an Oni Shapeshifter on Mar 17, 2024.
             Was an Initiate of Gozag.
             Mangled by a freezing wraith (21 damage)
             ... on level 10 of the Dungeon.
             The game lasted 00:16:14 (11175 turns).

Zoodle the Mimic (Oni Shapeshifter)                Turns: 11175, Time: 00:16:14

Health: -6/142     AC:  5    Str: 29    XL:     11   Next: 60%
Magic:  11/11      EV:  9    Int: 17    God:    Gozag
Gold:   1887       SH:  5    Dex:  8    Spells: 10/10 levels left

rFire   . .          .
                       - Unarmed
rCold   . . .        (shield currently unavailable)
rNeg    . . .        y - melded +1 robe {rN+}
rPois   +            (helmet currently unavailable)
rElec   +            c - melded +2 cloak {rCorr}
rCorr   .            (gloves unavailable)
SInv    .            (boots unavailable)
Will    ++...        D - amulet of reflection
Stlth   +            v - ring of Jemocwea {rElec Int+6}
HPRegen 0.43/turn    W - ring of willpower
MPRegen 0.12/turn

%: reflection
@: mighty, snake-form, corroded, gold aura
A: constrict, boosted hp, large, unfitting armour, (horns 1), (tough skin 1),
double potion healing, drunken brawling
a: Begin Untransformation, Renounce Religion, Potion Petition, Call Merchant,
Bribe Branch


You were on level 10 of the Dungeon.
You worshipped Gozag.
Gozag was most pleased with you.
You were an enormous serpent.
You visited 2 branches of the dungeon, and saw 11 of its levels.
You also visited: Sewer.

You collected 1939 gold pieces.
You paid 52 gold pieces to Gozag.


Innate Abilities, Weirdness & Mutations

You are an enormous serpent.
You have a powerful constriction melee attack.
Your maximum health is increased.
Your armour is entirely melded.
You are incapable of wielding weapons or throwing items.
You are too large for most types of armour.
((You have a pair of small horns on your head.))
((You have tough skin. (AC +1)))
You gain doubled healing and magic from potions.
Whenever you drink a healing potion, you attack all around you.


   Skills:
 + Level 10.8 Fighting
 - Level 1.7 Dodging
 + Level 9.9 Unarmed Combat
 - Level 4.0 Evocations
 + Level 10.8 Shapeshifting


You had 10 spell levels left.
You didn't know any spells.
Your spell library contained the following spells:

 Spells                   Type           Power      Damage    Failure   Level
 Summon Small Mammal      Summ           0%         N/A       24%         1
 Call Canine Familiar     Summ           0%         N/A       56%         3
 Dazzling Flash           Conj/Hex       0%         N/A       56%         3
 Frozen Ramparts          Ice            0%         1d1       56%         3
 Fugue of the Fallen      Necr           0%         N/A       56%         3
 Ozocubu's Armour         Ice            0%         N/A       56%         3
 Volatile Blastmotes      Fire/Tloc      0%         2d10      56%         3
 Brom's Barrelling Bould  Conj/Erth      0%         2d3       93%         4
 Leda's Liquefaction      Alch/Erth      0%         N/A       93%         4
 Manifold Assault         Tloc           0%         N/A       93%         4
 Passage of Golubria      Tloc           0%         N/A       93%         4
 Petrify                  Alch/Erth      0%         N/A       93%         4
 Summon Blazeheart Golem  Fire/Summ      0%         N/A       93%         4
 Borgnjor's Vile Clutch   Necr/Erth      0%         N/A       100%        5
 Fireball                 Conj/Fire      0%         3d3       100%        5
 Iskenderun's Battlesphe  Conj           0%         2d6       100%        5
 Metabolic Englaciation   Hex/Ice        0%         N/A       100%        5
 Silence                  Hex/Air        0%         N/A       100%        5
 Conjure Ball Lightning   Conj/Air       0%         3x3d6     100%        6
 Death Channel            Necr           0%         N/A       100%        6
 Starburst                Conj/Fire      0%         6d3       100%        6
 Orb of Destruction       Conj           0%         9d5       100%        7
 Lehudib's Crystal Spear  Conj/Erth      0%         10d2      100%        8
 Maxwell's Capacitive Co  Air            0%         ∞         100%        8
 Animate Dead             Necr           Unusable   N/A       N/A         4

Inventory:

Missiles
 r - 71 stones (quivered)
Armour
 c - a +2 cloak of preservation (melded)
 y - a +1 robe of positive energy (melded)
Jewellery
 u - an amulet of magic regeneration
 v - the ring of Jemocwea (left hand) {rElec Int+6}
   (You found it on level 3 of the Dungeon)

   [ring of intelligence]

   Int+6:     It affects your intelligence (+6).
   rElec:     It insulates you from electricity.
 z - an amulet of guardian spirit
 D - an amulet of reflection (around neck)
 N - a ring of positive energy
 P - a ring of poison resistance
 W - a ring of willpower (right hand)
 Z - a ring of wizardry
Talismans
 d - a flux talisman
 E - a beast talisman
 O - a serpent talisman (active)
Wands
 x - a wand of mindburst (1)
 F - a wand of polymorph (7)
 H - a wand of charming (34)
Scrolls
 e - a scroll of acquirement {unknown}
 f - 2 scrolls of brand weapon {unknown}
 h - 3 scrolls of teleportation {unknown}
 i - 3 scrolls of revelation {unknown}
 j - 4 scrolls of noise {unknown}
 l - 4 scrolls of immolation {unknown}
 m - 2 scrolls of enchant weapon {unknown}
 p - 2 scrolls of silence {unknown}
 s - a scroll of poison {unknown}
 t - 4 scrolls of fog
 A - 2 scrolls of torment {unknown}
 B - a scroll of blinking {unknown}
 I - a scroll of butterflies {unknown}
 K - a scroll of vulnerability {unknown}
 M - a scroll of amnesia {unknown}
 Q - 2 scrolls of enchant armour {unknown}
Potions
 a - 2 potions of enlightenment {unknown}
 b - 2 potions of lignification
 g - 7 potions of curing {@q1}
 k - 2 potions of heal wounds {@q2}
 o - 2 potions of haste {@q3}
 q - 5 potions of might
 w - a potion of berserk rage {unknown}
 C - a potion of degeneration {unknown}
 G - a potion of experience {unknown}
 J - a potion of attraction {unknown}
 L - 3 potions of resistance
 R - 2 potions of invisibility {unknown}
 S - a potion of mutation {unknown}
 T - a potion of brilliance {unknown}

Dungeon Overview and Level Annotations

Branches:
Dungeon (10/15)            Temple (1/1) D:4           Sewer (visited)
   Lair: D:8-11         Orc: D:9-12

Altars:
Ashenzari
Cheibriados
Dithmenos
Elyvilon
Fedhas
Gozag
Hepliaklqana
Kikubaaqudgha
Makhleb
Nemelex Xobeh
Okawaru
Qazlal
Ru
Sif Muna
Trog
Uskayaw
Vehumet
Wu Jian
Xom
Yredelemnul
Zin
The Shining One

Annotations:
D:10 Erolcha, Joseph
Temple 4 transporters

###.# #..▓▓▓▓▓...▓
#.# ##▓....▓▓▓▓▓▓
#.#####▓▓▓▓▓....[▓
#.##.....#.▓▓▓▓▓▓▒▓
#.###>##.........#
#................▓
#####.##.........▓
#.##.....W.▓
#.##$..$SD.▓
#...........▓
####........▓
#........▓
##########


You could see a six-headed hydra and a freezing wraith.


Message History

* * * LOW HITPOINT WARNING * * *
The freezing wraith hits you but does no damage.
The freezing wraith completely misses you.
You feel very mighty all of a sudden. The six-headed hydra barely misses you.
The six-headed hydra bites you!
* * * LOW HITPOINT WARNING * * *
You block the six-headed hydra's attack.
The six-headed hydra closely misses you.
The six-headed hydra bites you.
* * * LOW HITPOINT WARNING * * *
The six-headed hydra closely misses you.
The freezing wraith closely misses you.
The freezing wraith hits you but does no damage.
You lash the six-headed hydra!
The six-headed hydra is moderately wounded.
The six-headed hydra bites you!
* * * LOW HITPOINT WARNING * * *
You block the six-headed hydra's attack.
The six-headed hydra bites you.
* * * LOW HITPOINT WARNING * * *
The six-headed hydra bites you.
* * * LOW HITPOINT WARNING * * *
The six-headed hydra bites you!
* * * LOW HITPOINT WARNING * * *
The six-headed hydra closely misses you.
The freezing wraith hits you!
* * * LOW HITPOINT WARNING * * *
The freezing wraith freezes you!!
You die...
Your body crumbles into a pile of gold.

Skill      XL: |  1  2  3  4  5  6  7  8  9 10 11 |
---------------+----------------------------------+-----
Fighting       | 2 3 5 6 8 9 10 | 10.8
Shapeshifting  | 4 6 7 8 10 | 10.8
Unarmed Combat | 3 4 7 8 9 |  9.9
Evocations     | 3 4 |  4.0
Dodging        | |  1.7

Action                     |  1- 3 |  4- 6 |  7- 9 | 10-12 || total
---------------------------+-------+-------+-------+-------++-------
  Melee: Unarmed           |    75 |    90 |   289 |   263 ||   717
         Headbutt          |    12 |    15 |    66 |    31 ||   124
         Punch             |       |     1 |       |       ||     1
         Constrict         |       |       |       |    30 ||    30
  Evoke: Wand              |       |     5 |       |       ||     5
    Use: Scroll            |       |       |       |     6 ||     6
         Potion            |       |       |       |     3 ||     3
   Stab: Distracted        |       |       |     1 |       ||     1
 Armour: Animal skin       |    50 |    33 |       |       ||    83
         Robe              |       |    23 |       |       ||    23
         Skin              |       |       |   125 |   201 ||   326
  Dodge: Dodged            |    27 |    28 |   140 |   151 ||   346
  Block: Other             |       |       |    12 |    54 ||    66
         Reflection        |       |       |       |     5 ||     5
   Form: Flux              |       |       |     1 |       ||     1
         Serpent           |       |       |       |     1 ||     1

Levels and vault maps discovered:
D:1:      pf_arrival_petrified_forest, layout_basic
D:2:      layout_rooms
D:3:      layout_basic, nicolae_titane, uniq_natasha
D:4:      layout_cave_pools, nicolae_overflow_squiral,
          mainiacjoe_overflow_paths, temple_statues, uniq_blork_the_orc,
          uniq_crazy_yiuf_cottage, uniq_pikel
D:5:      layout_loops_ring, uniq_duvessa
D:6:      layout_basic, cheibrodos_sewer_entry_bend
D:7:      layout_loops_ring, uniq_prince_ribbit1, uniq_maurice
D:8:      minmay_s_stair_smasher, layout_basic
D:9:      layout_cross
D:10:     minmay_chopped_fan, layout_loops_ring, david_lair_shrubbed,
          uniq_joseph, uniq_lodul, uniq_erolcha, uniq_sonja
Temple:   hellmonk_temple_divided_pantheon

Notes
Turn   | Place    | Note
-------+----------+-------------------------------------------
     0 | D:1      | Zoodle the Oni Shapeshifter began the quest for the Orb.
     0 | D:1      | Reached XP level 1. HP: 19/19 MP: 1/1
    89 | D:1      | Reached skill level 2 in Fighting
   473 | D:1      | Reached XP level 2. HP: 29/29 MP: 2/2
   648 | D:1      | Reached skill level 3 in Fighting
   801 | D:2      | Identified the +3 leather armour of the Slightly Bent
                  | {rElec rF+ Dex+3 Stlth+}
   841 | D:2      | Reached XP level 3. HP: 23/37 MP: 3/3
  1099 | D:2      | Reached skill level 4 in Shapeshifting
  1492 | D:3      | Noticed Natasha
  1500 | D:3      | Killed Natasha
  1501 | D:3      | Reached XP level 4. HP: 33/48 MP: 4/4
  1573 | D:3      | Noticed Natasha
  1584 | D:3      | Killed Natasha
  1585 | D:3      | Reached skill level 4 in Fighting
  1587 | D:3      | Identified the ring of Jemocwea {rElec Int+6}
  1636 | D:3      | Reached skill level 5 in Fighting
  1636 | D:3      | Reached XP level 5. HP: 47/57 MP: 5/5
  1672 | D:3      | Noticed Natasha
  1691 | D:3      | Killed Natasha
  1774 | D:3      | Reached skill level 3 in Unarmed Combat
  2117 | D:3      | Reached XP level 6. HP: 43/67 MP: 6/6
  2665 | D:4      | Reached skill level 6 in Fighting
  2709 | D:4      | Found a staircase to the Ecumenical Temple.
  2739 | D:4      | Reached skill level 4 in Unarmed Combat
  2785 | Temple   | Found a transporter.
  2785 | Temple   | Found a transporter.
  2785 | Temple   | Found a transporter.
  2785 | Temple   | Found a transporter.
  2785 | Temple   | Entered the Ecumenical Temple
  2878 | D:4      | Found an opulent altar of Gozag.
  2896 | D:4      | Became a worshipper of Gozag Ym Sagoz the Greedy
  2925 | D:4      | Noticed Pikel
  2942 | D:4      | Killed Pikel
  2943 | D:4      | Reached skill level 6 in Shapeshifting
  2943 | D:4      | Reached XP level 7. HP: 54/75 MP: 7/7
  3070 | D:4      | Found a shimmering blue altar of Sif Muna.
  3073 | D:4      | Found a shadowy altar of Dithmenos.
  3288 | D:4      | Noticed Blork the orc
  3293 | D:4      | Killed Blork the orc
  3294 | D:4      | Reached skill level 7 in Shapeshifting
  3294 | D:4      | Reached XP level 8. HP: 83/83 MP: 8/8
  3406 | D:4      | Found a runed translucent door.
  3407 | D:4      | Noticed Crazy Yiuf
  3555 | D:4      | Killed Crazy Yiuf
  3638 | D:5      | Entered Level 5 of the Dungeon
  3954 | D:5      | Reached skill level 5 in Unarmed Combat
  4073 | D:5      | Noticed Duvessa
  4073 | D:5      | Noticed Dowan
  4085 | D:5      | Killed Duvessa
  4092 | D:5      | Killed Dowan
  4093 | D:5      | Reached skill level 6 in Unarmed Combat
  4678 | D:6      | Found a glowing drain.
  4690 | Sewer    | Entered a sewer
  4791 | Sewer    | Noticed Pargi
  4796 | Sewer    | Killed Pargi
  4797 | Sewer    | Reached skill level 7 in Unarmed Combat
  4874 | Sewer    | Reached XP level 9. HP: 87/92 MP: 9/9
  4941 | D:6      | Reached skill level 7 in Fighting
  5632 | D:6      | Reached skill level 1 in Evocations
  6147 | D:7      | Reached skill level 8 in Fighting
  6147 | D:7      | Reached skill level 2 in Evocations
  6577 | D:7      | Noticed Prince Ribbit
  6595 | D:7      | Killed Prince Ribbit
  6699 | D:7      | Noticed Maurice
  6706 | D:7      | Something stole the ring of Jemocwea {rElec Int+6}
  6707 | D:7      | Something stole a beast talisman
  6711 | D:7      | Something stole 64 stones
  6712 | D:7      | Maurice stole 619 gold
  6714 | D:7      | Killed Maurice
  6715 | D:7      | Reached skill level 8 in Unarmed Combat
  6715 | D:7      | Reached skill level 3 in Evocations
  6715 | D:7      | Reached skill level 8 in Shapeshifting
  6715 | D:7      | Reached XP level 10. HP: 73/106 MP: 6/10
  6858 | D:7      | Reached skill level 9 in Fighting
  8007 | D:8      | Reached skill level 4 in Evocations
  8117 | D:8      | Paralysed by a hornet for 2 turns
  8722 | D:8      | Reached skill level 9 in Shapeshifting
  8726 | D:8      | Reached skill level 9 in Unarmed Combat
  9168 | D:8      | Noticed a centaur warrior
  9181 | D:8      | Killed a centaur warrior
  9182 | D:8      | Reached skill level 10 in Shapeshifting
  9182 | D:8      | Reached XP level 11. HP: 115/115 MP: 11/11
  9380 | D:8      | Paralysed by a hornet for 2 turns
  9575 | D:9      | Noticed a two-headed ogre
  9645 | D:9      | Identified the +8 flail "Kuruiju" {vamp, Fly rPois Dex+3}
  9670 | D:9      | Killed a two-headed ogre
  9678 | D:9      | Reached skill level 10 in Fighting
 10486 | D:9      | Identified 3 potions of resistance
 10622 | D:10     | Entered Level 10 of the Dungeon
 10624 | D:10     | Noticed Lodul
 10743 | D:10     | Noticed Erolcha
 10744 | D:10     | Noticed Joseph
 10750 | D:9      | Killed Lodul
 11165 | D:10     | Noticed a six-headed hydra
 11175 | D:10     | Mangled by a freezing wraith

Vanquished Creatures
  A centaur warrior (D:8)
  A two-headed ogre (D:9)
  Lodul (D:9)
  Pikel (D:4)
  Maurice (D:7)
  Prince Ribbit (D:7)
  A troll (D:9)
  4 hornets
  3 wyverns
  2 wraiths
  7 yaks (D:8)
  A basilisk (D:10)
  2 steam dragons (D:7)
  An acid dragon (D:10)
  Duvessa (D:5)
  A water moccasin (D:8)
  2 orc warriors
  Pargi (Sewer)
  2 ice beasts
  A sky beast (D:8)
  10 ogres
  2 centaurs
  A phantom (D:5)
  Blork the orc (D:4)
  2 kobold brigands
  2 gnoll sergeants
  A bullfrog (D:8)
  2 scorpions (D:6)
  11 wights
  Dowan (D:5)
  7 killer bees (D:7)
  4 howler monkeys
  4 jellies
  An orc priest (D:3)
  Crazy Yiuf (D:4)
  2 gnoll boudas
  4 iguanas
  4 orc wizards
  5 sleepcaps
  Natasha (thrice) (D:3)
  17 gnolls
  7 adders
  2 shadow imps
  A white imp (D:6)
  4 ufetubi (D:6)
  2 ribbon worms
  27 orcs
  3 endoplasms
  3 giant cockroaches
  A goblin (D:4)
  8 hobgoblins
  A quokka (D:5)
  5 ball pythons
  4 bats
  2 frilled lizards (D:1)
  12 kobolds
  4 rats
206 creatures vanquished.

Vanquished Creatures (others)
  An orc wizard (D:9)
1 creature vanquished.

Grand Total: 207 creatures vanquished

Table legend: (Time is in decaauts)
 A = Elapsed time spent in this place.
 B = Non-inter-level travel time spent in this place.
 C = Inter-level travel time spent in this place.
 D = Time resting spent in this place.
 E = Time spent auto-exploring this place.
 F = Levels seen in this place.
 G = Mean time per level.
                   A        B        C        D        E       F      G
               +--------+--------+--------+--------+--------+-----+--------+
         Total |  11107 |  10702 |    405 |   1547 |   7583 |  12 |  925.6 |
       Dungeon |  10820 |  10432 |    388 |   1547 |   7395 |  10 | 1082.0 |
        Temple |     43 |     26 |     17 |      0 |      0 |   1 |   43.0 |
         Sewer |    243 |    243 |      0 |      0 |    188 |   1 |  243.0 |
               +--------+--------+--------+--------+--------+-----+--------+

Top non-repeatable levels by time:
     D:8: 1655 daAuts
     D:7: 1631 daAuts
     D:6: 1461 daAuts
     D:9: 1349 daAuts
     D:3: 1163 daAuts
     D:5: 955 daAuts
     D:4: 945 daAuts
     D:1: 792 daAuts
     D:2: 681 daAuts
   Sewer: 243 daAuts
    D:10: 185 daAuts
  Temple: 43 daAuts

Table legend:
 A = Non-vault XP
 B = Vault XP
 C = Vault XP percentage of total XP
 D = Non-vault monster count
 E = Vault monster count
 F = Vault count percentage of total count
                 A         B        C        D         E       F
            +---------+---------+-------+---------+---------+-------
      Total |    8794 |    6003 |  40.6 |     166 |      40 |  19.4
            +---------+---------+-------+---------+---------+-------
        D:1 |      16 |       0 |   0.0 |      12 |       0 |   0.0
        D:2 |      62 |       0 |   0.0 |      15 |       0 |   0.0
        D:3 |     238 |      35 |  12.8 |      13 |       1 |   7.1
        D:4 |     147 |     813 |  84.7 |      12 |       3 |  20.0
        D:5 |     543 |     216 |  28.5 |      11 |       2 |  15.4
        D:6 |    1057 |       4 |   0.4 |      28 |       1 |   3.4
        D:7 |    1877 |     816 |  30.3 |      25 |       2 |   7.4
        D:8 |    2629 |    1772 |  40.3 |      26 |      13 |  33.3
        D:9 |    1928 |    1109 |  36.5 |      18 |       4 |  18.2
       D:10 |     297 |    1006 |  77.2 |       6 |       6 |  50.0
      Sewer |       0 |     232 | 100.0 |       0 |       8 | 100.0
            +---------+---------+-------+---------+---------+-------
